 Dungeon Crawl Stone Soup version 0.29.0-4-gdea44cf6ec (webtiles) character file.

Game seed: 7710897484508249861

18 qw the Chopper (level 2, -1/17 HPs)
             Began as a Tengu Warper on Aug 28, 2022.
             Slain by a worm (8 damage)
             ... on level 2 of the Dungeon.
             The game lasted 00:00:04 (774 turns).

qw the Chopper (Tengu Warper)                        Turns: 774, Time: 00:00:05

Health: -1/17      AC:  5    Str: 11    XL:     2   Next: 70%
Magic:  6/6        EV: 10    Int: 13    God:
Gold:   24         SH:  0    Dex: 13    Spells: 5/5 levels left

rFire   . . .      SeeInvis .   Y - +0 hand axe
rCold   . . .      Faith    .   (no shield)
rNeg    . . .      Spirit   .   h - +0 ring mail
rPois   .          Reflect  .   (helmet restricted)
rElec   .          Harm     .   (no cloak)
rCorr   .          Rampage  .   (no gloves)
Will    .....                   (boots unavailable)
Stlth   +.........              (no amulet)
HPRegen 0.05/turn               (no ring)
MPRegen 0.10/turn               (no ring)

@: no status effects
A: beak, talons 3
a: no special abilities


You were on level 2 of the Dungeon.
You visited 1 branch of the dungeon, and saw 2 of its levels.

You collected 24 gold pieces.


Innate Abilities, Weirdness & Mutations

You have a beak for a mouth.
You have claws for feet.


   Skills:
 - Level 2.0 Fighting
 + Level 3.5 Axes
 - Level 1.0 Throwing
 - Level 1.1 Armour
 - Level 2.1 Dodging
 - Level 2.0 Spellcasting
 - Level 2.4 Translocations


You had 5 spell levels left.
You didn't know any spells.
Your spell library contained the following spells:

 Spells                   Type           Power      Damage    Failure   Level
 Blink                    Tloc           14%        N/A       34%         2
 Gell's Gravitas          Tloc           7%         N/A       56%         3
 Lesser Beckoning         Tloc           7%         N/A       56%         3
 Teleport Other           Tloc           7%         N/A       56%         3
 Manifold Assault         Tloc           7%         N/A       99%         5

Inventory:

Hand Weapons
 k - a +0 whip
 Y - a +0 hand axe (weapon)
Armour
 h - a +0 ring mail (worn)
Jewellery
 c - a +4 ring of protection
Scrolls
 a - 2 scrolls of identify
Potions
 b - a potion of flight {unknown}
 d - a potion of degeneration {unknown}
 e - a potion of berserk rage {unknown}
 g - 2 potions of magic {unknown}
 l - a potion of ambrosia {unknown}

Dungeon Overview and Level Annotations

Branches:
Dungeon (2/15)

Altars:


Message History

You see here 6 stones.
g - 2 lumpy amethyst potions (gained 1)
A rat comes into view.
You closely miss the rat. You peck the rat.
You kill the rat!
a - 2 scrolls of identify (gained 1)
Found a robe.
A frilled lizard comes into view.
Found a stone staircase leading up and a stone staircase leading down.
The frilled lizard hisses angrily.
The frilled lizard moves out of view.
Enter note: A frilled lizard is nearby!
You hit the frilled lizard but do no damage.
Your peck misses the frilled lizard.
The frilled lizard bites you but does no damage.
A worm comes into view.
761 ||| Stepping ~*~*~tactically~*~*~ (stealth).
Found a white potion.
762 ||| Stepping ~*~*~tactically~*~*~ (stealth).
The frilled lizard attacks as you move away!
The frilled lizard barely misses you.
You closely miss the frilled lizard.
The frilled lizard bites you but does no damage.
764 ||| Stepping ~*~*~tactically~*~*~ (stealth).
You hit the frilled lizard.
You kill the frilled lizard!
You hit the worm. Your peck misses the worm.
The worm is lightly wounded.
The worm bites you.
You barely miss the worm. You claw the worm.
You peck the worm, but do no damage.
The worm is lightly wounded.
You hit the worm but do no damage. You claw the worm.
The worm is moderately wounded.
The worm bites you!
You hit the worm.
The worm is moderately wounded.
The worm bites you!
You die...

#....... #...# #.#####.
#...# #.....%. #...####
#.###### #..[#...##
#.......
######....###.####.....%
................##.####.
....<...........##.#....
.......@w............##.
####.#.....##.#.##......
#...#...##.#..#.##.
#...#.####.#...%...
#..!#.# #.......###
.......# #.......#
###...### #.##.##.#
#.>.# #. #. ..# ##.# #
## #.#


You could see a worm.

Vanquished Creatures
  A ball python (D:1)
  An endoplasm (D:1)
  A giant cockroach (D:2)
  2 goblins (D:1)
  2 hobgoblins (D:1)
  3 jackals (D:1)
  A bat (D:1)
  2 frilled lizards
  2 kobolds (D:1)
  2 rats (D:2)
17 creatures vanquished.

Notes
Turn   | Place    | Note
-------+----------+-------------------------------------------
     0 | D:1      | qw the Tengu Warper began the quest for the Orb.
     0 | D:1      | Reached XP level 1. HP: 12/12 MP: 4/4
     0 | D:1      | 0 ||| qw: Version: 0.1-a-89-g26bdef1
     0 | D:1      | 0 ||| qw: Game counter: 2503
     0 | D:1      | 0 ||| qw: Always use a shield: true
     0 | D:1      | 0 ||| qw: God list: Okawaru
     0 | D:1      | 0 ||| qw: Allow faded altars: false
     0 | D:1      | 0 ||| qw: Do Orc after D:15 true
     0 | D:1      | 0 ||| qw: Do second Lair branch before Depths: true
     0 | D:1      | 0 ||| qw: Lair rune preference: random
     0 | D:1      | 0 ||| qw: Plans: Normal
     0 | D:1      | 0 ||| PLANNING D:1-11
    65 | D:1      | 65 ||| Stepping ~*~*~tactically~*~*~ (stealth).
    67 | D:1      | 67 ||| Stepping ~*~*~tactically~*~*~ (stealth).
   111 | D:1      | Reached XP level 2. HP: 17/17 MP: 6/6
   196 | D:1      | Reached skill level 3 in Axes
   285 | D:1      | 285 ||| Stepping ~*~*~tactically~*~*~ (stealth).
   440 | D:1      | 440 ||| UPGRADING to +0 ring mail.
   450 | D:1      | 450 ||| DROPPING +0 leather armour.
   451 | D:1      | 451 ||| READING 2 scrolls labelled QOQIETRA RURI.
   452 | D:1      | 452 ||| READING scroll labelled GUMAOH POFIHO.
   453 | D:1      | 453 ||| READING scroll labelled QABUCKEPLE.
   574 | D:1      | 574 ||| DROPPING scroll of blinking.
   615 | D:2      | 615 ||| FLEEEEING.
   616 | D:2      | 616 ||| FLEEEEING.
   618 | D:2      | 618 ||| FLEEEEING.
   626 | D:2      | 626 ||| STAIRDANCE
   761 | D:2      | 761 ||| Stepping ~*~*~tactically~*~*~ (stealth).
   762 | D:2      | 762 ||| Stepping ~*~*~tactically~*~*~ (stealth).
   764 | D:2      | 764 ||| Stepping ~*~*~tactically~*~*~ (stealth).
   774 | D:2      | Slain by a worm

Levels and vault maps discovered:
D:1:      dpeg_arrival_orchard, layout_rooms
D:2:      layout_loops_cross, basic_altar

Skill      XL: |  1  2 |
---------------+-------+-----
Axes           | 3 |  3.5
Fighting       | |  2.0
Throwing       | |  1.0
Armour         | |  1.1
Dodging        | |  2.1
Spellcasting   | |  2.0
Translocations | |  2.4

Action                   || total
-------------------------++-------
Melee: Hand axe          ||    31
       Kick              ||     5
       Peck              ||     3
       Punch             ||     1
Throw: Boomerang         ||     7
  Use: Scroll            ||     3
Armor: Leather armour    ||     5
       Ring mail         ||     4
Dodge: Dodged            ||     8

Table legend:
 A = Non-vault XP
 B = Vault XP
 C = Vault XP percentage of total XP
 D = Non-vault monster count
 E = Vault monster count
 F = Vault count percentage of total count
                 A         B        C        D         E       F
            +---------+---------+-------+---------+---------+-------
      Total |      27 |       0 |   0.0 |      17 |       0 |   0.0
            +---------+---------+-------+---------+---------+-------
        D:1 |      22 |       0 |   0.0 |      13 |       0 |   0.0
        D:2 |       5 |       0 |   0.0 |       4 |       0 |   0.0
            +---------+---------+-------+---------+---------+-------
